 Dungeon Crawl Stone Soup version 0.18.1-1-g2f07953 (webtiles) character file.

340 Canardh the Skirmisher (level 6, -5/48 HPs)
             Began as a Demonspawn Fighter on Oct 3, 2016.
             Killed by divine providence
             ... invoked by an orc priest
              (10 damage)
             ... on level 4 of the Dungeon.
             The game lasted 00:14:33 (3447 turns).

Canardh the Skirmisher (Demonspawn Fighter)         Turns: 3447, Time: 00:14:33

Health: -5/48      AC:  6    Str: 18    XL:     6   Next: 30%
Magic:  6/6        EV:  8    Int: 10    God:
Gold:   130        SH:  9    Dex: 12    Spells: 0 memorised, 5 levels left

rFire  . . .     SeeInvis .     a - +0 long sword
rCold  . . .     Gourm    +     b - +0 scale mail
rNeg   . . .     Faith    .     c - +0 shield
rPois  .         Spirit   .     (no helmet)
rElec  .         Dismiss  .     (no cloak)
rCorr  .         Reflect  .     (no gloves)
SustAt .         Harm     .     (no boots)
MR     .....                    n - amulet of the gourmand
Stlth  ..........               (no ring)
                                (no ring)

@: not resistant to hostile enchantments, extremely unstealthy
A: claws 1, powered by pain 2
a: no special abilities


You were on level 4 of the Dungeon.
You were not hungry.

You visited 1 branch of the dungeon, and saw 4 of its levels.

You collected 130 gold pieces.

Inventory:

Hand Weapons
 a - a +0 long sword (weapon)
Armour
 b - a +0 scale mail (worn)
 c - a +0 shield (worn)
Jewellery
 d - an uncursed ring of protection from fire {unknown}
 n - an amulet of the gourmand (around neck)
Wands
 k - a wand of lightning (11/15)
Scrolls
 e - 2 scrolls of identify
 i - a scroll of fear {unknown}
 l - 2 scrolls of recharging {unknown}
 m - 2 scrolls of amnesia {unknown}
 o - a scroll of noise {unknown}
 p - a scroll of magic mapping {unknown}
 q - a scroll of random uselessness {unknown}
 r - a scroll of enchant weapon {unknown}
Potions
 g - a potion of flight
Comestibles
 f - 2 bread rations
 h - 3 beef jerkies
 j - 5 fruits


   Skills:
 + Level 4.2 Fighting
 + Level 3.1 Long Blades
 + Level 3.6 Armour
 + Level 2.2 Dodging
 + Level 0.4 Stealth
 + Level 3.6 Shields


You had 5 spell levels left.
You didn't know any spells.

Dungeon Overview and Level Annotations

Branches:
Dungeon (4/15)
 Temple: D:4-7

Altars:
Cheibriados
Kikubaaqudgha
Yredelemnul
Zin


Innate Abilities, Weirdness & Mutations

You have sharp fingernails.
You sometimes gain power by taking damage.


Message History

You kill the orc wizard!
The orc wizard barely misses you.
You closely miss the orc priest. You block the orc priest's attack.
The orc wizard hits you but does no damage.
You block the orc priest's attack.
You slash the orc priest!
The orc priest is severely wounded.
The orc wizard hits you with a dagger.
The orc priest mumbles some strange prayers to Beogh against you.
Pain shoots through your body!
* * * LOW HITPOINT WARNING * * *
The orc wizard closely misses you.
The orc priest looks braver for a moment.
You see here 24 stones.
The orc wizard mumbles some strange words.
The orc wizard flickers and vanishes!
Deactivating autopickup; reactivate with Ctrl-A.
The orc priest mumbles some strange prayers to Beogh against you.
Beogh smites you!
You die...

#(# #.# #.####### #.#
#.......# #.#
#######.# #.# #.#
#.############## #
#.# #..o......(.o..#
##
#.####..###########.#
.# #.##....# #.# ..#
#.#....@###.#######o#
....
#.......>....)..o..o#
....
#.#...#.#.....#######
.... #.##.##........
.... #.##.##.#.....#
... #.##.##.##...##
#. #.##.##.###.## #.#
..#.# #.# .. #.


You could see an orc priest.

Vanquished Creatures
  An orc priest (D:3)
  4 orc wizards
  A worker ant (D:4)
  A howler monkey skeleton (D:4)
  5 adders
  An ooze (D:1)
  A worm (D:4)
  A dart slug (D:3)
  8 giant geckos
  12 orcs (D:3)
  A ball python (D:4)
  12 bats
  5 giant cockroaches
  6 goblins
  6 hobgoblins
  9 jackals
  10 kobolds
  A quokka (D:3)
  2 giant gecko skeletons (D:4)
  8 giant newts
  6 rats
101 creatures vanquished.

Vanquished Creatures (others)
  A human (D:3)
1 creature vanquished.

Grand Total: 102 creatures vanquished

Notes
Turn   | Place    | Note
--------------------------------------------------------------
     0 | D:1      | Canardh the Demonspawn Fighter began the quest for the Orb.
     0 | D:1      | Reached XP level 1. HP: 18/18 MP: 1/1
   172 | D:1      | Gained mutation: You sometimes gain a little power by taking damage. [demonic ancestry]
   172 | D:1      | Reached XP level 2. HP: 13/24 MP: 2/2
   602 | D:1      | Reached XP level 3. HP: 25/29 MP: 3/3
  1156 | D:2      | Reached skill level 1 in Dodging
  1489 | D:2      | Gained mutation: You sometimes gain power by taking damage. [demonic ancestry]
  1489 | D:2      | Reached XP level 4. HP: 35/35 MP: 4/4
  1919 | D:3      | HP: 1/35 [orc/club (3)]
  1963 | D:3      | Found an ancient bone altar of Kikubaaqudgha.
  1965 | D:3      | Noticed a human
  1966 | D:3      | Killed a human
  2174 | D:3      | Gained mutation: You have sharp fingernails. [demonic ancestry]
  2174 | D:3      | Reached XP level 5. HP: 29/42 MP: 5/5
  2239 | D:3      | Found a basalt altar of Yredelemnul.
  2602 | D:3      | Reached skill level 4 in Fighting
  3152 | D:3      | Found a glowing silver altar of Zin.
  3262 | D:4      | Found a snail-covered altar of Cheibriados.
  3290 | D:4      | Reached XP level 6. HP: 40/48 MP: 6/6
  3426 | D:4      | HP: 2/48 [orc priest/nerve-wracking pain (13)]
  3447 | D:4      | Killed from afar by an orc priest

Skill      XL: |  1  2  3  4  5 |
---------------+----------------+-----
Armour         | 3 |  3.6
Long Blades    | 2 3 |  3.1
Shields        | 3 |  3.6
Dodging        | 1 2 |  2.2
Fighting       | 4 |  4.2
Stealth        | |  0.4

Action                   |  1- 3 |  4- 6 || total
-------------------------+-------+-------++-------
Melee: Long sword        |   173 |   242 ||   415
  Use: Scroll            |     2 |     2 ||     4
       Potion            |     1 |     4 ||     5
 Stab: Invisible         |       |     1 ||     1
  Eat: Bread ration      |     1 |       ||     1
       Meat ration       |       |     1 ||     1
Armor: Scale mail        |    95 |   138 ||   233
Dodge: Dodged            |    62 |   107 ||   169
Block: Shield            |   106 |   170 ||   276
